3A
ATHLETIC CLUB KC U-24 @ KENNESAW JETS
05/29/2042
 
TOP OF THE 1ST
Athletic Club KC U-24 batting - Pitching for Kennesaw Jets : LHP Wes Hunter
Pitching: LHP Wes Hunter
Batting: RHB David Bosingwa 0-0: Ball
1-0: Fly out, F9 (Flyball, 89S, EV 90.0 MPH)
Batting: RHB Pedro Píaz 0-0: Foul Ball, location: 2F
0-1: Foul Ball, location: 2F
0-2: Ball
1-2: Ball
2-2: Strikes out swinging
Batting: SHB Osvaldo Ardiles 0-0: Ball
1-0: Called Strike
1-1: Foul Ball, location: 2F
1-2: Ground out 6-3 (Groundball, 6, EV 105.6 MPH)
Top of the 1st over - 0 runs, 0 hits, 0 errors, 0 left on base; Athletic Club KC 0 - Kennesaw 0
BOTTOM OF THE 1ST
Kennesaw Jets batting - Pitching for Athletic Club KC U-24 : RHP Tom Matthews
Pitching: RHP Tom Matthews
Batting: LHB Gwang-soo Deungjeong 0-0: SINGLE (Groundball, 6MD, EV 99.4 MPH)
Pinch Hitting: LHB Adrian Beard 0-0: Ball
Gwang-soo Deungjeong steals 2nd base
1-0: Ball
2-0: Foul Ball, location: 2F
2-1: Called Strike
2-2: Foul Ball, location: 2F
2-2: Foul Ball, location: 2F
2-2: Ball
3-2: Base on Balls
Batting: RHB Will Gamble 0-0: Called Strike
0-1: Ball
1-1: Ball
2-1: Called Strike
2-2: Foul Ball, location: 2F
2-2: Foul Ball, location: 2F
2-2: Foul Ball, location: 2F
2-2: Foul Ball, location: 2F
2-2: Fly out, F8 (Line Drive, 8RM, EV 112.5 MPH)
Batting: LHB Kyle Fitzgerald 0-0: Ball
1-0: Ball
2-0: Called Strike
2-1: Ball
3-1: Fielders Choice at 2nd, 4-6 (Groundball, 4, EV 89.4 MPH)
Gwang-soo Deungjeong to third
Batting: LHB Steve Hodge 0-0: Ball
1-0: Ball
2-0: Called Strike
2-1: Ground out 3-1 (Groundball, 3, EV 76.9 MPH)
Bottom of the 1st over - 0 runs, 1 hit, 0 errors, 2 left on base; Athletic Club KC 0 - Kennesaw 0
TOP OF THE 2ND
Athletic Club KC U-24 batting - Pitching for Kennesaw Jets : LHP Wes Hunter
Now at SS: Kaaleppi Möttölä
Batting: LHB Ramiro Curran 0-0: Swinging Strike
0-1: Ball
1-1: Foul Ball, location: 2F
1-2: Ball
2-2: Foul Ball, location: 2F
2-2: Ball
3-2: Base on Balls
Batting: LHB Greg Flynn 0-0: Foul Ball, location: 2F
0-1: Ball
1-1: Called Strike
1-2: Strikes out swinging
Batting: SHB Francisco Rojas 0-0: Ball
1-0: Ball
2-0: Called Strike
2-1: Ball
3-1: Called Strike
3-2: Foul Ball, location: 2F
3-2: Fielders Choice at 2nd, 5-4 (Groundball, 56S, EV 86.9 MPH)
Batting: LHB Derek Robinson 0-0: Called Strike
Francisco Rojas is caught stealing 2nd base 2-6
Top of the 2nd over - 0 runs, 0 hits, 0 errors, 0 left on base; Athletic Club KC 0 - Kennesaw 0
BOTTOM OF THE 2ND
Kennesaw Jets batting - Pitching for Athletic Club KC U-24 : RHP Tom Matthews
Batting: SHB Mark Thomas 0-0: Ball
1-0: Ball
2-0: Foul Ball, location: 2F
2-1: Foul Ball, location: 2F
2-2: Foul Ball, location: 2F
2-2: Ground out 3-1 (Groundball, 34, EV 88.8 MPH)
Batting: RHB Maurice Wrightson 0-0: Fly out, F6 (Popup, 6D, EV 55.0 MPH)
Batting: RHB Pepe Rodríguez 0-0: Called Strike
0-1: SINGLE (Groundball, 56D, EV 103.8 MPH)
Batting: RHB Wally Harrison Pickoff Throw to First - Out! 1-3
Bottom of the 2nd over - 0 runs, 1 hit, 0 errors, 0 left on base; Athletic Club KC 0 - Kennesaw 0
TOP OF THE 3RD
Athletic Club KC U-24 batting - Pitching for Kennesaw Jets : LHP Wes Hunter
Batting: LHB Derek Robinson 0-0: Ball
1-0: Ball
2-0: Ground out 1-3 (Groundball, P, EV 79.4 MPH)
Batting: RHB Sam Jones 0-0: Swinging Strike
0-1: Ball
1-1: Foul Ball, location: 2F
1-2: Strikes out swinging
Batting: RHB James Allingham 0-0: Called Strike
0-1: SINGLE (Groundball, 56D, EV 101.9 MPH)
Batting: RHB David Bosingwa 0-0: Ball
1-0: Ball
2-0: Ground out 1-3 (Groundball, 34S, EV 62.5 MPH)
Top of the 3rd over - 0 runs, 1 hit, 0 errors, 1 left on base; Athletic Club KC 0 - Kennesaw 0
BOTTOM OF THE 3RD
Kennesaw Jets batting - Pitching for Athletic Club KC U-24 : RHP Tom Matthews
Batting: RHB Wally Harrison 0-0: Called Strike
0-1: Ball
1-1: Ground out 4-3 (Groundball, 4, EV 88.1 MPH)
Batting: LHB Gwang-soo Deungjeong 0-0: Ball
1-0: Ball
2-0: Called Strike
2-1: Swinging Strike
2-2: SINGLE (Groundball, 4MD, EV 94.4 MPH)
Batting: RHB Kaaleppi Möttölä 0-0: Ball
Gwang-soo Deungjeong steals 2nd base
1-0: Foul Ball, location: 2F
1-1: Foul Ball, location: 2F
1-2: Ball
Wild Pitch!
Gwang-soo Deungjeong to third
2-2: Ground out 5-3 (Groundball, 56, EV 102.5 MPH)
Gwang-soo Deungjeong scores
Batting: RHB Will Gamble 0-0: Called Strike
0-1: Foul Ball, location: 2F
0-2: Ball
1-2: Strikes out swinging
Bottom of the 3rd over - 1 run, 1 hit, 0 errors, 0 left on base; Athletic Club KC 0 - Kennesaw 1
TOP OF THE 4TH
Athletic Club KC U-24 batting - Pitching for Kennesaw Jets : LHP Wes Hunter
Batting: RHB Pedro Píaz 0-0: Ball
1-0: Swinging Strike
1-1: Ball
2-1: Foul Ball, location: 2F
2-2: Ball
3-2: Strikes out swinging
Batting: SHB Osvaldo Ardiles 0-0: Fly out, F3 (Popup, 23F, EV 82.5 MPH)
Batting: LHB Ramiro Curran 0-0: Ball
1-0: Ball
2-0: Foul Ball, location: 2F
2-1: Swinging Strike
2-2: Strikes out swinging
Top of the 4th over - 0 runs, 0 hits, 0 errors, 0 left on base; Athletic Club KC 0 - Kennesaw 1
BOTTOM OF THE 4TH
Kennesaw Jets batting - Pitching for Athletic Club KC U-24 : RHP Tom Matthews
Pitching: LHP Dave Williams
Batting: LHB Kyle Fitzgerald 0-0: Swinging Strike
0-1: Ground out 4-3 (Groundball, 4, EV 80.0 MPH)
Batting: LHB Steve Hodge 0-0: Swinging Strike
0-1: Called Strike
0-2: Strikes out swinging
Batting: SHB Mark Thomas 0-0: Foul Ball, location: 2F
0-1: Swinging Strike
0-2: Strikes out swinging
Bottom of the 4th over - 0 runs, 0 hits, 0 errors, 0 left on base; Athletic Club KC 0 - Kennesaw 1
TOP OF THE 5TH
Athletic Club KC U-24 batting - Pitching for Kennesaw Jets : LHP Wes Hunter
Batting: LHB Greg Flynn 0-0: Ball
1-0: Foul Ball, location: 2F
1-1: Called Strike
1-2: Foul Ball, location: 2F
1-2: Ball
2-2: Strikes out swinging
Batting: SHB Francisco Rojas 0-0: Fly out, F8 (Flyball, 8LD, EV 98.8 MPH)
Batting: LHB Derek Robinson 0-0: Ball
1-0: Called Strike
1-1: Foul Ball, location: 2F
1-2: Fly out, F7 (Line Drive, 7, EV 89.4 MPH)
Top of the 5th over - 0 runs, 0 hits, 0 errors, 0 left on base; Athletic Club KC 0 - Kennesaw 1
BOTTOM OF THE 5TH
Kennesaw Jets batting - Pitching for Athletic Club KC U-24 : LHP Dave Williams
Batting: RHB Maurice Wrightson 0-0: Foul Ball, location: 2F
0-1: Ball
1-1: Swinging Strike
1-2: Ball
2-2: Foul Ball, location: 2F
2-2: Strikes out swinging
Batting: RHB Pepe Rodríguez 0-0: Foul Ball, location: 2F
0-1: Fly out, F8 (Flyball, 8LS, EV 95.0 MPH)
Batting: RHB Wally Harrison 0-0: Called Strike
0-1: Foul Ball, location: 2F
0-2: Strikes out swinging
Bottom of the 5th over - 0 runs, 0 hits, 0 errors, 0 left on base; Athletic Club KC 0 - Kennesaw 1
TOP OF THE 6TH
Athletic Club KC U-24 batting - Pitching for Kennesaw Jets : LHP Wes Hunter
Batting: RHB Sam Jones 0-0: Ball
1-0: Called Strike
1-1: Called Strike
1-2: Strikes out swinging, 2-3 out at first.
Batting: RHB James Allingham 0-0: Called Strike
0-1: Foul Ball, location: 2F
0-2: Strikes out looking
Batting: RHB David Bosingwa 0-0: Ball
1-0: Swinging Strike
1-1: Ball
2-1: Called Strike
2-2: Strikes out swinging
Top of the 6th over - 0 runs, 0 hits, 0 errors, 0 left on base; Athletic Club KC 0 - Kennesaw 1
BOTTOM OF THE 6TH
Kennesaw Jets batting - Pitching for Athletic Club KC U-24 : LHP Dave Williams
Batting: LHB Gwang-soo Deungjeong 0-0: Ball
1-0: Ball
2-0: Ball
3-0: Called Strike
3-1: Fly out, F8 (Flyball, 8RD, EV 96.9 MPH)
Batting: RHB Kaaleppi Möttölä 0-0: Ground out 4-3 (Groundball, 4, EV 80.0 MPH)
Batting: RHB Will Gamble 0-0: Called Strike
0-1: Foul Ball, location: 2F
0-2: Strikes out swinging
Bottom of the 6th over - 0 runs, 0 hits, 0 errors, 0 left on base; Athletic Club KC 0 - Kennesaw 1
TOP OF THE 7TH
Athletic Club KC U-24 batting - Pitching for Kennesaw Jets : LHP Wes Hunter
Batting: RHB Pedro Píaz 0-0: Ball
1-0: Foul Ball, location: 2F
1-1: Ball
2-1: Ball
3-1: Base on Balls
Batting: SHB Osvaldo Ardiles 0-0: Called Strike
Pedro Píaz is caught stealing 2nd base 2-4
0-1: Called Strike
0-2: Ball
1-2: Ball
2-2: Foul Ball, location: 2F
2-2: Ground out 6-3 (Groundball, 6, EV 105.0 MPH)
Batting: LHB Ramiro Curran 0-0: Ball
1-0: Ball
2-0: Ball
3-0: Base on Balls
Pinch Hitting: SHB Benedito Ahulani 0-0: Swinging Strike
0-1: Ball
1-1: Fly out, F7 (Flyball, 78D, EV 91.2 MPH)
Top of the 7th over - 0 runs, 0 hits, 0 errors, 1 left on base; Athletic Club KC 0 - Kennesaw 1
BOTTOM OF THE 7TH
Kennesaw Jets batting - Pitching for Athletic Club KC U-24 : LHP Dave Williams
Now in RF: Benedito Ahulani
Batting: LHB Kyle Fitzgerald 0-0: Ball
1-0: Ball
2-0: Ball
3-0: Called Strike
3-1: Fly out, F7 (Flyball, 7S, EV 92.5 MPH)
Batting: LHB Steve Hodge 0-0: Called Strike
0-1: Called Strike
0-2: Ball
1-2: Strikes out swinging
Batting: SHB Mark Thomas 0-0: Called Strike
0-1: Fly out, F9 (Flyball, 9LS, EV 80.0 MPH)
Bottom of the 7th over - 0 runs, 0 hits, 0 errors, 0 left on base; Athletic Club KC 0 - Kennesaw 1
TOP OF THE 8TH
Athletic Club KC U-24 batting - Pitching for Kennesaw Jets : LHP Wes Hunter
Batting: SHB Francisco Rojas 0-0: SINGLE (Line Drive, 7LM, EV 86.2 MPH)
Pinch Hitting: RHB Morton Scott 0-0: Called Strike
Francisco Rojas steals 2nd base (no throw)
0-1: Ball
1-1: Ball
2-1: Swinging Strike
2-2: Ball
3-2: Strikes out looking
Pitching: RHP Ross Vinyard
Batting: RHB Sam Jones 0-0: Called Strike
Francisco Rojas steals 3rd, throwing error, E2
Francisco Rojas scores
0-1: Ball
1-1: Fly out, F9 (Flyball, 89M, EV 83.8 MPH)
Batting: RHB James Allingham 0-0: Ball
1-0: Ball
2-0: Swinging Strike
2-1: SINGLE (Line Drive, 7LS, EV 104.4 MPH)
Batting: RHB David Bosingwa 0-0: Foul Ball, location: 2F
0-1: Ball
1-1: Fielders Choice at 2nd, 5-4 (Groundball, 5, EV 104.4 MPH)
Top of the 8th over - 1 run, 2 hits, 1 error, 1 left on base; Athletic Club KC 1 - Kennesaw 1
BOTTOM OF THE 8TH
Kennesaw Jets batting - Pitching for Athletic Club KC U-24 : LHP Dave Williams
Pitching: RHP John Morgan
Now at 1B: Darren Hunt
Batting: RHB Maurice Wrightson 0-0: Called Strike
0-1: Ball
1-1: Swinging Strike
1-2: Strikes out swinging
Batting: RHB Pepe Rodríguez 0-0: Foul Ball, location: 2F
0-1: Ball
1-1: Foul Ball, location: 2F
1-2: Ground out 5-3 (Groundball, 56, EV 85.6 MPH)
Batting: RHB Wally Harrison 0-0: Ground out 6-3 (Groundball, 6, EV 107.5 MPH)
Bottom of the 8th over - 0 runs, 0 hits, 0 errors, 0 left on base; Athletic Club KC 1 - Kennesaw 1
TOP OF THE 9TH
Athletic Club KC U-24 batting - Pitching for Kennesaw Jets : RHP Ross Vinyard
Batting: RHB Pedro Píaz 0-0: Ball
1-0: Foul Ball, location: 2F
1-1: Called Strike
1-2: Foul Ball, location: 2F
1-2: Fly out, F3 (Popup, 3SF, EV 71.9 MPH)
Batting: SHB Osvaldo Ardiles 0-0: Called Strike
0-1: Ball
1-1: Foul Ball, location: 2F
1-2: Strikes out swinging
Batting: LHB Ramiro Curran 0-0: Ball
1-0: Ball
2-0: Ball
3-0: Base on Balls
Batting: SHB Benedito Ahulani 0-0: Ball
1-0: Foul Ball, location: 2F
1-1: Swinging Strike
1-2: Ball
2-2: Ball
3-2: Foul Ball, location: 2F
3-2: Strikes out looking
Top of the 9th over - 0 runs, 0 hits, 0 errors, 1 left on base; Athletic Club KC 1 - Kennesaw 1
BOTTOM OF THE 9TH
Kennesaw Jets batting - Pitching for Athletic Club KC U-24 : RHP John Morgan
Batting: LHB Gwang-soo Deungjeong 0-0: Ball
1-0: Foul Ball, location: 2F
1-1: Fly out, F7 (Line Drive, 7, EV 88.8 MPH)
Batting: RHB Kaaleppi Möttölä 0-0: Called Strike
0-1: Ball
1-1: Foul Ball, location: 2F
1-2: Fly out, F7 (Flyball, 7S, EV 91.9 MPH)
Batting: RHB Will Gamble 0-0: Called Strike
0-1: Ball
1-1: Ball
2-1: Ball
3-1: Foul Ball, location: 2F
3-2: Base on Balls
Batting: LHB Kyle Fitzgerald 0-0: Called Strike
Will Gamble steals 2nd base (no throw)
0-1: Ball
1-1: Intentional Walk
Batting: LHB Steve Hodge 0-0: Called Strike
0-1: Ball
1-1: Foul Ball, location: 2F
1-2: SINGLE (Groundball, 15S, EV 68.1 MPH) (infield hit)
Will Gamble to third
Kyle Fitzgerald to second
Batting: SHB Mark Thomas 0-0: Reached on error, E4 (Popup, 34S, EV 80.0 MPH)
Will Gamble scores
Friday, March 26th, 2021 - OOTP Baseball 20.8 Build 74